AoeStats
← frbbehrens

Arena

510186703Analyzed
2v2 RM · 17h ago on Sep 29, 2026· 49m 26s· 4 players
Game mode
Random Map
Map size
Medium (4 player)
Population
200
Speed
Normal
Resources
Standard
Victory
Conquest
Starting age
Dark Age
Ending age
Imperial Age
RankedLock teamsTeams togetherTeam positionsShared explorationLock speedFull tech treeHidden civsTurbo modeCheats
Victory
Defeat
🇬🇧 Celts · United Kingdom
876
+17
🇪🇬 Vikings · Egypt
875
+17
🇬🇧 Bohemians · United Kingdom
930
-17
🇨🇴 Koreans · Colombia
885
-17
Hazem
0:26 Loom
11:54 Feudal Age
12:46 Double-Bit Axe
18:44 Castle Age
17:12 Stone Mining
18:35 Gold Mining
19:48 Bow Saw
20:59 Horse Collar
22:46 Heavy Plow
25:42 Forging
25:32 Scale Mail Armor
26:05 Town Watch
28:18 Squires
28:04 Arson
30:15 Chieftains
32:29 Chain Mail Armor
32:49 Iron Casting
33:59 Gold Shaft Mining
38:18 Imperial Age
38:41 Capped Ram
40:12 Conscription
39:14 Elite Berserk
41:35 Crossbowman
42:20 Bogsveigar
43:27 Crop Rotation
42:41 Arbalester
45:36 Fletching
45:46 Padded Archer Armor
47:21 Two-Man Saw
47:56 Ballistics
48:37 Chemistry
47:35 Bodkin Arrow
47:55 Leather Archer Armor
48:45 Siege Ram
frbbehrens
11:28 Feudal Age
12:11 Double-Bit Axe
12:10 Horse Collar
15:22 Castle Age
18:47 Bow Saw
27:04 Wheelbarrow
30:05 Imperial Age
28:44 Forging
31:25 Iron Casting
30:50 Scale Mail Armor
32:14 Conscription
32:25 Furor Celtica
31:50 Onager
34:13 Chain Mail Armor
34:58 Blast Furnace
34:54 Ballistics
40:08 Siege Engineers
41:04 Chemistry
42:17 Siege Onager
42:59 Elite Woad Raider
45:32 Plate Mail Armor
45:20 Hand Cart
44:51 Loom
jhp3
12:00 Feudal Age
16:48 Castle Age
15:33 Double-Bit Axe
23:02 Wheelbarrow
23:16 Horse Collar
27:51 Heavy Plow
31:32 Imperial Age
29:55 Hand Cart
29:25 Town Watch
29:26 Loom
29:56 Bow Saw
32:41 Conscription
34:10 Chemistry
33:08 Murder Holes
35:13 Wagenburg Tactics
36:04 Ballistics
39:27 Houfnice
43:25 Elite Skirmisher
parradodj
13:24 Feudal Age
13:57 Double-Bit Axe
13:57 Horse Collar
16:50 Stone Mining
16:51 Gold Mining
23:15 Castle Age
21:02 Loom
22:38 Wheelbarrow
24:26 Bow Saw
24:22 Heavy Plow
25:02 Stone Shaft Mining
25:07 Gold Shaft Mining
24:52 Squires
24:55 Pikeman
26:26 Elite Skirmisher
29:46 Murder Holes
32:19 Hand Cart
35:59 Imperial Age
35:58 Fletching
39:55 Halberdier
41:54 Caravan
45:46 Bodkin Arrow
46:01 Forging
45:52 Scale Mail Armor
Connection lost

Rejoining the realm…

Still unreachable

The connection could not be restored.

Session expired

The server has moved on; the page needs a fresh start.